 Dungeon Crawl Stone Soup version 0.31.0-4-g52a2dc7128 (webtiles) character file.

Game seed: 10676159761580412753

70578 SnakkuSnakku7 the Brawler (level 14, -1/122 (134) HPs)
             Began as a Troll Enchanter on Jan 23, 2024.
             Was a High Priest of Hepliaklqana.
             Slain by a death scarab (24 damage)
             ... in a Gauntlet.
             The game lasted 00:27:43 (15565 turns).

SnakkuSnakku7 the Brawler (Troll Enchanter)        Turns: 15565, Time: 00:27:44

HP:   -1/122 (134)  AC: 12    Str: 23    XL:     14   Next: 94%
MP:   18/18         EV: 15    Int: 11    God:    Hepliaklqana [*****.]
Gold: 1116          SH:  9    Dex:  7    Spells: 15/15 levels left

rFire   . .          .
                       - Unarmed
rCold   . . .        j - +0 kite shield
rNeg    . . .        y - +0 steam dragon scales
rPois   .            d - +1 hat {Will+}
rElec   +            f - +1 cloak
rCorr   .            (gloves unavailable)
SInv    .            (boots unavailable)
Will    ++...        b - amulet of Understanding {RegenMP rElec Regen+ Dex-3 Slay+3}
Stlth   +            q - +5 ring of evasion
HPRegen 2.00/turn    (no ring)
MPRegen 0.56/turn

%: no teleportation
@: slowed, drained, very slow
A: reduced essence, large, unfitting armour, claws 3, regeneration 1, shaggy fur
1, tough skin 1
a: Renounce Religion, Recall Ancestor, Ancestor Identity, Transference, Idealise


You were in a Gauntlet.
You worshipped Hepliaklqana.
Hepliaklqana was extremely pleased with you.
You visited 3 branches of the dungeon, and saw 18 of its levels.
You also visited: Gauntlet and Volcano.

You collected 1496 gold pieces.
You spent 380 gold pieces at shops.

Inventory:

Armour
 d - a +1 hat of willpower (worn)
 f - a +1 cloak (worn)
 j - a +0 kite shield (worn)
 s - a +2 robe of willpower
 y - +0 steam dragon scales (worn)
Jewellery
 b - the amulet of Understanding (around neck) {RegenMP rElec Regen+ Dex-3 Slay+3}
   (You found it on level 5 of the Lair of Beasts)

   [amulet of magic regeneration]

   RegenMP:   It increases your rate of magic regeneration.
   Dex-3:     It affects your dexterity (-3).
   Slay+3:    It affects your accuracy & damage with ranged weapons and melee
   (+3).
   rElec:     It insulates you from electricity.
   Regen+:    It increases your rate of health regeneration.
 q - a +5 ring of evasion (left claw)
Wands
 a - a wand of digging (1)
 i - a wand of paralysis (4)
 l - a wand of polymorph (6)
 F - a wand of iceblast (6)
Scrolls
 e - 2 scrolls of revelation
 m - a scroll of butterflies
 o - a scroll of torment
 p - 7 scrolls of poison
 r - 4 scrolls of teleportation
 t - 4 scrolls of vulnerability
 v - 2 scrolls of amnesia
 z - 3 scrolls of silence
 A - 2 scrolls of immolation
 B - a scroll of fear
 C - 4 scrolls of fog
Potions
 c - 4 potions of invisibility
 g - a potion of attraction
 k - 9 potions of haste
 n - 8 potions of enlightenment
 u - a potion of might
 x - 10 potions of curing
 E - a potion of magic
 G - 2 potions of cancellation {unknown}
Miscellaneous
 D - a phial of floods


   Skills:
 - Level 12.0 Fighting
 - Level 0.7 Short Blades
 + Level 8.1 Armour
 - Level 8.0 Dodging
 - Level 1.5 Stealth
 - Level 8.0 Shields
 - Level 15.0 Unarmed Combat
 - Level 1.2 Spellcasting
 - Level 2.0 Hexes
 - Level 7.0 Invocations


You had 15 spell levels left.
You didn't know any spells.
Your spell library contained the following spells:

 Spells                   Type           Power      Damage    Failure   Level
 Magic Dart               Conj           0%         1d3       52%         1
 Necrotise                Necr           0%         1d4       52%         1
 Ensorcelled Hibernation  Hex/Ice        4%         N/A       52%         2
 Confusing Touch          Hex            5%         N/A       63%         3
 Tukima's Dance           Hex            5%         N/A       63%         3
 Blink                    Tloc           0%         N/A       67%         2
 Lesser Beckoning         Tloc           0%         N/A       67%         2
 Momentum Strike          Conj/Tloc      0%         3d8       67%         2
 Searing Ray              Conj           0%         2d4       67%         2
 Static Discharge         Conj/Air       0%         3-3/arc   67%         2
 Sublimation of Blood     Necr           0%         N/A       67%         2
 Dazzling Flash           Conj/Hex       4%         N/A       77%         3
 Vampiric Draining        Necr           0%         2d6       88%         3
 Airstrike                Air            0%         2d(0-16)  99%         4
 Dimensional Bullseye     Hex/Tloc       1%         N/A       99%         4
 Fulminant Prism          Conj/Alch      0%         3d5       99%         4
 Iskenderun's Mystic Bla  Conj/Tloc      0%         2d3       99%         4
 Martyr's Knell           Necr/Summ      0%         N/A       99%         4
 Petrify                  Alch/Erth      0%         N/A       99%         4
 Summon Lightning Spire   Summ/Air       0%         N/A       99%         4
 Curse of Agony           Necr           0%         N/A       100%        5
 Irradiate                Conj/Alch      0%         3d11      100%        5
 Summon Forest            Summ/Tloc      0%         N/A       100%        5
 Eringya's Noxious Bog    Alch           0%         4d6       100%        6
 Summon Hydra             Summ           0%         N/A       100%        7


Dungeon Overview and Level Annotations

Branches:
Dungeon (12/15)            Temple (1/1) D:4            Lair (5/5) D:8
 Shoals (0/4) Lair:2       Spider (0/4) Lair:2        Slime (0/5) Lair:4
    Orc (0/2) D:12        Volcano (visited)         Gauntlet (1/1)

Altars:
Ashenzari
Cheibriados
Dithmenos
Elyvilon
Fedhas
Gozag
Hepliaklqana
Kikubaaqudgha
Makhleb
Nemelex Xobeh
Okawaru
Qazlal
Ru
Sif Muna
Trog
Uskayaw
Vehumet
Wu Jian
Xom
Yredelemnul
Zin
The Shining One
Jiyva
Lugonu

Shops:
D:7 !   D:9 *   D:10 [

Portals:
Abyss: Lair:5

Annotations:
Lair:3 3 runed translucent doors, BillyBaka's ghost, journeyman SpHu Gauntlet 9 transporters


Innate Abilities, Weirdness & Mutations

Your life essence is reduced to manifest your ancestor. (-10% HP)
You are too large for most types of armour.
You have claws for hands.
Your natural rate of healing is unusually fast.
You are covered in fur. (AC +1)
You have tough skin. (AC +1)


Message History

You are too injured to fight recklessly!
You completely miss the spectral death yak.
The spectral death yak is heavily damaged.
The death scarab bites you!
The death scarab draws strength from your injuries!
The spectral death yak barely misses you.
Unknown command.
The death scarab misses you.
The death scarab bites you but does no damage.
The death scarab bites you!
* * * LOW HITPOINT WARNING * * *
The death scarab drains your vigour!
You feel as though you will be slow longer.
The death scarab draws strength from your injuries!
The spectral death yak gores you!!
* * * LOW HITPOINT WARNING * * *
You feel drained.
* * * LOW HITPOINT WARNING * * *
You block the spectral death yak's attack.
Okay, then.
Saving game... please wait.
Level annotation: 9 transporters Welcome back, SnakkuSnakku7 the Troll Enchanter.
Hepliaklqana says: Your past becomes your present!
Press ? for a list of commands and other information.
Blink to where?
Press: ? - help, Dir - move target
As you read the scroll of blinking, it crumbles to dust.
The death scarab waves its antennae.
You feel much better. The death scarab bites you!
* * * LOW HITPOINT WARNING * * *
The death scarab draws strength from your injuries!
Unknown command.
You feel much better. The death scarab bites you!!
* * * LOW HITPOINT WARNING * * *
The death scarab drains your vigour!
You feel as though you will be slow longer.
The death scarab draws strength from your injuries!
The death scarab bites you!!
You die...

###############
###############§#≈#≈#≈#≈#≈#≈##
≈#≈#≈#≈#§#≈#§#...............##
....................8......8.≈#
§8.....8.....8...............##
...............###########...≈#
...#########...#@........#...##
...#.......#...#B##...##.#...≈#
...#..##...#####.Z##.##.?#...##
...##..##.[#...#...#.#...#...§#
.8©###.©##©#©8©#....©#Z.©#.8§##
...#.##..###...#...#†#..}#..§§#
§..#..##..######..##.##.[#...##
...#.......#...#.##...##.#.§.≈#
...#########...#.........#...##


You could see a spectral death yak and a death scarab.

Vanquished Creatures
  Josephine (D:11)
  4 two-headed ogres
  2 hydras
  2 boulder beetles
  13 death yaks
  A death scarab (Gauntlet)
  2 thrashing horrors (Lair:5)
  A skeletal warrior (Volcano)
  4 skysharks
  Sonja (D:11)
  A fire crab (Lair:5)
  A large abomination (Lair:5)
  An orange crystal statue (Gauntlet)
  A harpy (Lair:2)
  A wolf spider (Lair:2)
  4 alligator skeletons (Volcano)
  An oklob plant (Lair:2)
  The ghost of TheBioAlchemist the Insei, a novice OpSh (D:5)
  A cyclops (D:11)
  A manticore (D:11)
  2 ugly things
  3 black mambas
  7 elephants
  4 gargoyles (Volcano)
  Joseph (D:8)
  10 cane toads
  An unseen horror zombie (D:8)
  An unseen horror (shapeshifter) (Lair:5)
  7 komodo dragons
  5 rime drakes
  A troll (D:9)
  3 polar bears
  25 blink frogs
  A raiju (Lair:5)
  A blink frog (shapeshifter) (Lair:5)
  9 dream sheep
  A spectral black mamba (Gauntlet)
  A culicivora (Lair:2)
  5 wraiths
  3 ynoxinuls (Lair:5)
  A wyvern (Lair:4)
  21 yaks
  2 wargs (D:12)
  4 humans (D:7)
  4 vampire mosquitoes (D:11)
  3 basilisks
  3 steam dragons
  An acid dragon (D:12)
  14 water moccasins
  An ice beast (D:7)
  A spectral torpor snail (Gauntlet)
  A sky beast (D:8)
  3 orc warriors
  3 black bears
  A laughing skull (Volcano)
  26 wolves
  5 centaurs
  7 small abominations (Lair:5)
  6 phantoms
  A kobold brigand (D:7)
  A weeping skull (Volcano)
  3 gnoll sergeants
  9 bullfrogs
  A scorpion (D:6)
  8 wights
  3 wyvern zombies (D:8)
  23 killer bees
  An electric eel (Lair:3)
  2 troll skeletons (Volcano)
  3 centaur zombies (D:8)
  5 bombardier beetles
  2 hounds
  13 orc priests
  4 jellies
  3 iguanas
  12 orc wizards
  A killer bee zombie (D:8)
  3 hound zombies (D:4)
  4 naga skeletons (Volcano)
  A howler monkey zombie (D:4)
  10 gnolls
  9 adders
  2 shadow imps
  2 white imps (D:5)
  An adder skeleton (D:4)
  6 ribbon worms
  A dart slug (D:1)
  44 orcs
  6 bats
  12 endoplasms
  6 giant cockroaches
  8 goblins
  11 hobgoblins
  3 jackals (D:5)
  4 quokkas
  7 ball pythons
  7 frilled lizards
  10 kobolds
  4 rats
498 creatures vanquished.

Vanquished Creatures (collateral kills)
  2 hydras
  A two-headed ogre (D:9)
  2 thrashing horrors (Lair:5)
  A skeletal warrior (Volcano)
  A harpy (Lair:2)
  A black mamba (Lair:4)
  2 elephants (Lair:4)
  A gargoyle (Volcano)
  2 cane toads
  A smoke demon (Lair:5)
  3 komodo dragons
  6 blink frogs
  3 dream sheep
  5 yaks
  A shadow (D:10)
  2 small abominations (Lair:5)
  A basilisk (Lair:1)
  A wyvern (D:7)
  A human (D:7)
  A chaos spawn (Lair:5)
  2 water moccasins
  A black bear (Lair:2)
  A sky beast (D:7)
  4 wolves
  4 bullfrogs
  A killer bee (D:8)
  A troll skeleton (Volcano)
  A hound (D:5)
  An iguana (D:6)
  2 orc wizards
  A killer bee zombie (D:8)
  3 gnolls
  4 orcs
  3 kobolds (D:7)
67 creatures vanquished.

Vanquished Creatures (others)
  13 knights
  An ancestor (D:5)
14 creatures vanquished.

Grand Total: 579 creatures vanquished

Notes
Turn   | Place    | Note
-------+----------+-------------------------------------------
     0 | D:1      | SnakkuSnakku7 the Troll Enchanter began the quest for the
                  | Orb.
     0 | D:1      | Reached XP level 1. HP: 16/16 MP: 1/1
    50 | D:1      | Reached skill level 1 in Unarmed Combat
   147 | D:1      | Reached XP level 2. HP: 21/24 MP: 2/2
   179 | D:1      | Reached skill level 2 in Unarmed Combat
   574 | D:1      | Reached XP level 3. HP: 31/31 MP: 3/3
   801 | D:2      | Reached skill level 3 in Unarmed Combat
  1445 | D:2      | Reached XP level 4. HP: 39/39 MP: 4/4
  1833 | D:3      | Reached skill level 4 in Unarmed Combat
  2031 | D:3      | Reached XP level 5. HP: 45/45 MP: 5/5
  2071 | D:3      | Reached skill level 5 in Unarmed Combat
  2762 | D:4      | Noticed a phantom
  2764 | D:4      | Noticed a phantom
  2764 | D:4      | Noticed a phantom
  2773 | D:4      | Killed a phantom
  2774 | D:4      | Reached skill level 6 in Unarmed Combat
  2774 | D:4      | Reached XP level 6. HP: 48/53 MP: 6/6
  2795 | D:4      | Reached skill level 7 in Unarmed Combat
  2826 | D:4      | Reached XP level 7. HP: 48/59 MP: 7/7
  2859 | D:4      | Found a staircase to the Ecumenical Temple.
  2879 | Temple   | Entered the Ecumenical Temple
  2888 | Temple   | Became a worshipper of Hepliaklqana the Forgotten
  3160 | D:4      | Reached skill level 8 in Unarmed Combat
  3307 | D:5      | Entered Level 5 of the Dungeon
  3328 | D:5      | Reached * piety under Hepliaklqana
  3365 | D:5      | Reached skill level 9 in Unarmed Combat
  3669 | D:5      | Reached XP level 8. HP: 58/60 MP: 8/8
  3832 | D:5      | Found a runed translucent gate.
  3876 | D:5      | Found a runed translucent gate.
  3876 | D:5      | Identified the +9 dagger of Toeth {pain, Dex+4}
  3876 | D:5      | Identified the +1 leather armour of Supnuukh {Int+3}
  3876 | D:5      | Noticed TheBioAlchemist's ghost (novice OpSh)
  3877 | D:5      | Found a runed translucent gate.
  4280 | D:5      | Killed TheBioAlchemist's ghost
  4281 | D:5      | Reached skill level 10 in Unarmed Combat
  4573 | D:6      | Reached skill level 5 in Fighting
  4573 | D:6      | Reached XP level 9. HP: 75/79 MP: 9/9
  4699 | D:6      | Found a basalt altar of Yredelemnul.
  5160 | D:7      | Reached ** piety under Hepliaklqana
  5161 | D:7      | Remembered your ancestor Cirno as a knight
  5225 | D:7      | Noticed a two-headed ogre
  5231 | D:7      | Killed a two-headed ogre
  5263 | D:7      | Found Ipaguis's Distillery.
  5276 | D:7      | Bought a potion of haste for 120 gold pieces
  5276 | D:7      | Bought a potion of haste for 120 gold pieces
  5321 | D:7      | Reached XP level 10. HP: 40/93 MP: 10/10
  5485 | D:7      | Reached skill level 5 in Shields
  5890 | D:8      | Identified the +4 dagger of Olois {flame, *Noise rN++
                  | Dex+4}
  5975 | D:8      | Noticed Joseph
  5991 | D:8      | Killed Joseph
  6141 | D:8      | Found a staircase to the Lair.
  6162 | D:8      | Found a basalt altar of Yredelemnul.
  6278 | D:8      | Reached *** piety under Hepliaklqana
  6437 | D:8      | Found a blossoming altar of Fedhas.
  6485 | D:8      | Found a snail-covered altar of Cheibriados.
  6801 | D:9      | Noticed a two-headed ogre
  6806 | D:9      | Killed a two-headed ogre
  6886 | D:9      | Identified a scroll of acquirement
  6888 | D:9      | Acquired a +0 hat of willpower
  6965 | D:9      | Reached XP level 11. HP: 91/99 MP: 11/11
  7029 | D:9      | Found Ponwais's Assorted Antiques.
  7037 | D:9      | Bought a lumpy bronze amulet for 140 gold pieces
  7159 | D:9      | Reached skill level 5 in Dodging
  7377 | D:9      | Noticed a two-headed ogre
  7383 | D:9      | Killed a two-headed ogre
  7391 | D:9      | Found an ornate altar of the Wu Jian Council.
  7434 | D:10     | Entered Level 10 of the Dungeon
  7552 | D:10     | Reached **** piety under Hepliaklqana
  7604 | D:10     | Found Plog's Antique Armour Shoppe.
  7814 | D:10     | Noticed a boulder beetle
  7834 | D:10     | Killed a boulder beetle
  8097 | Lair:1   | Entered Level 1 of the Lair of Beasts
  8109 | Lair:1   | You fall into a shaft and drop 1 floor!
  8264 | Lair:2   | Noticed a skyshark
  8274 | Lair:2   | Killed a skyshark
  8275 | Lair:2   | Reached skill level 1 in Invocations
  8551 | Lair:2   | Reached skill level 5 in Invocations
  8607 | Lair:2   | Reached XP level 12. HP: 66/107 MP: 13/15
  8669 | Lair:2   | Noticed a death yak
  8676 | Lair:2   | Noticed a death yak
  8682 | Lair:2   | Killed a death yak
  8693 | Lair:2   | Killed a death yak
  8697 | Lair:2   | Reached ***** piety under Hepliaklqana
  8752 | Lair:2   | Noticed a death yak
  8774 | Lair:2   | Killed a death yak
  8799 | Lair:2   | Found a staircase to the Shoals.
  8807 | Lair:2   | Reached skill level 11 in Unarmed Combat
  8808 | Lair:2   | HP: 4/107 [komodo dragon (27)]
  9276 | Lair:2   | Found a hole to the Spider Nest.
  9369 | Lair:1   | Reached skill level 12 in Unarmed Combat
  9597 | Lair:1   | Reached skill level 13 in Unarmed Combat
 10140 | Lair:3   | Reached XP level 13. HP: 26/114 MP: 17/17
 10333 | Lair:3   | Reached skill level 14 in Unarmed Combat
 10520 | Lair:3   | Found a runed translucent gate.
 10520 | Lair:3   | Found a runed translucent gate.
 10520 | Lair:3   | Found a runed translucent gate.
 10521 | Lair:3   | Noticed BillyBaka's ghost (journeyman SpHu)
 10603 | Lair:3   | Identified the +7 rapier of Mutilation {venom, MP+9}
 10691 | Lair:3   | Reached skill level 15 in Unarmed Combat
 11704 | Lair:4   | Reached ****** piety under Hepliaklqana
 11881 | Lair:4   | Found a staircase to the Slime Pits.
 11985 | Lair:4   | Found a viscous altar of Jiyva.
 12020 | Lair:4   | Reached skill level 10 in Fighting
 12163 | Lair:4   | Found a white marble altar of Elyvilon.
 12715 | Lair:5   | Entered Level 5 of the Lair of Beasts
 12749 | Lair:5   | Reached XP level 14. HP: 80/131 MP: 18/18
 12824 | Lair:5   | Found a dark tunnel.
 12829 | Volcano  | Entered a volcano
 13352 | Lair:5   | Identified the amulet of Understanding {RegenMP rElec
                  | Regen+ Dex-3 Slay+3}
 13394 | Lair:5   | Reached skill level 1 in Armour
 13757 | Lair:5   | Reached skill level 5 in Armour
 14246 | Lair:5   | Found a corrupted altar of Lugonu.
 14246 | Lair:5   | Found a one-way gate to the infinite horrors of the Abyss.
 14265 | Lair:5   | Identified the +8 war axe of the Scavenger {freeze, rElec
                  | rPois Stlth+}
 14607 | D:11     | Found a hide-covered altar of Uskayaw.
 14808 | D:11     | Noticed Josephine
 14811 | D:11     | Noticed Sonja
 14834 | D:11     | Killed Sonja
 14841 | D:11     | Killed Josephine
 15267 | D:12     | Found a staircase to the Orcish Mines.
 15309 | D:12     | Found a gate leading to a gauntlet.
 15318 | Gauntlet | Entered a Gauntlet
 15318 | Gauntlet | Found a transporter.
 15327 | Gauntlet | Found a transporter.
 15328 | Gauntlet | Found a transporter.
 15331 | Gauntlet | Found a transporter.
 15332 | Gauntlet | Found a transporter.
 15333 | Gauntlet | Found a transporter.
 15343 | Gauntlet | Found a transporter.
 15344 | Gauntlet | Found a transporter.
 15360 | Gauntlet | Found a transporter.
 15379 | Gauntlet | Found a transporter.
 15381 | Gauntlet | Found a transporter.
 15389 | Gauntlet | Found a transporter.
 15441 | Gauntlet | Found the +2 hood of the Assassin {Detect Stab+ Stlth++}
 15565 | Gauntlet | Slain by a death scarab

Illustrated notes

Levels and vault maps discovered:
D:1:      spicycebolla_green_bress_n_ham, layout_basic, minmay_pentomino_u4
D:2:      layout_loops_corners
D:3:      layout_basic
D:4:      layout_basic, minmay_temple_entry_butterflies, serial_undead,
          serial_undead_f, serial_undead_e, serial_undead_f, serial_undead_d,
          serial_undead_d, minmay_unequal
D:5:      layout_basic, biasface_ghost_orc_armoury
D:6:      layout_loops_ring, hangedman_glass_teeth, kennysheep_diamond
D:7:      layout_basic, serial_shops, shop, minmay_ruffians
D:8:      nicolae_BIG_FREAKIN_CUBE, layout_basic,
          nicolae_yredelemnul_corpse_copse, mainiacjoe_overflow_swirl,
          uniq_joseph
D:9:      layout_basic, marbit_many_paths, serial_shops, shop_statue
D:10:     layout_irregular_city, chequers_jeans, nicolae_stop_n_shop_1,
          nicolae_concentric_dashed_squares_wild
D:11:     layout_loops_ring, eat_drink_and_be_merry_uskayaw, uniq_josephine,
          uniq_sonja
D:12:     layout_rooms, erik_orc_4, gauntlet_entry_generic,
          gammafunk_ghost_abyssal_escape, nicolae_trove_entry_isolated
Temple:   mainiacjoe_temple_coin_purse
Lair:1:   layout_long_grid, grunt_megastairs_5
Lair:2:   layout_regular_city, nicolae_shoals_entry_roost,
          spider_nest_entry_funnel_web
Lair:3:   nzn_winding_woodlands_cross [nzn_winding_woodlands_5x15_garden,
          nzn_winding_woodlands_5x15_pathside_ponds,
          nzn_winding_woodlands_5x15_sawtooth,
          nzn_winding_woodlands_5x15_crooked,
          nzn_winding_woodlands_15x15_five_gardens], layout_cellular_growth,
          gammafunk_ghost_ooze, serial_bayou_shore_a
Lair:4:   layout_gridlike, slime_entry_1, basic_altar,
          grunt_forest_large_clearing_hut
Lair:5:   hellmonk_lair_end_abyssal_woods, layout_cave_shapes,
          nicolae_volcano_entry_s_turn
Gauntlet: minmay_gauntlet_mixed_oops_all_seconds
          [minmay_gauntlet_arena_77_two_lines, gammafunk_gauntlet_arena_teeth,
          minmay_gauntlet_arena_77_tiled_triplets,
          gammafunk_gauntlet_arena_split_x, minmay_gauntlet_arena_77_box,
          nicolae_gauntlet_swirl, gauntlet_exit_hidden_loot]

Skill      XL: |  1  2  3  4  5  6  7  8  9 10 11 12 13 14 |
---------------+-------------------------------------------+-----
Unarmed Combat | 1 2 3 4 6 7 9 10 13 15 | 15.0
Fighting       | 5 8 11 12 | 12.0
Shields        | 3 8 |  8.0
Dodging        | 4 8 |  8.0
Invocations    | 5 7 |  7.0
Armour         | 8 |  8.1
Short Blades   | |  0.7
Stealth        | |  1.5
Spellcasting   | |  1.2
Hexes          | |  2.0

Action                     |  1- 3 |  4- 6 |  7- 9 | 10-12 | 13-15 || total
---------------------------+-------+-------+-------+-------+-------++-------
  Melee: Unarmed           |   132 |   149 |   256 |   693 |   689 ||  1919
 Invoke: Ancestor Identity |       |       |     1 |       |       ||     1
         Ancestor Life: Kn |       |       |     1 |       |       ||     1
         Recall Ancestor   |       |       |       |     2 |    11 ||    13
  Evoke: Wand              |       |       |       |       |     7 ||     7
    Use: Scroll            |       |       |       |    23 |     8 ||    31
         Potion            |       |       |       |     1 |     4 ||     5
   Stab: Sleeping          |     5 |     1 |     8 |     4 |     1 ||    19
         Distracted        |     1 |       |     1 |     1 |     6 ||     9
         Invisible         |       |       |       |       |     5 ||     5
 Armour: Robe              |    82 |   103 |   125 |       |       ||   310
         Steam dragon scal |       |       |    30 |   415 |   466 ||   911
  Dodge: Dodged            |    47 |    40 |    78 |   421 |   449 ||  1035
  Block: Kite shield       |    11 |    40 |    66 |   399 |   355 ||   871
